 Dungeon Crawl Stone Soup version 0.20-a0-214-gb74cb0e (webtiles) character file.

8588 tboon the Cleaver (level 11, -14/101 HPs)
             Began as a Minotaur Fighter on Nov 28, 2016.
             Was a High Priest of Okawaru.
             Demolished by a cyclops (16 damage)
             ... on level 11 of the Dungeon.
             The game lasted 00:28:30 (9530 turns).

tboon the Cleaver (Minotaur Fighter)                Turns: 9530, Time: 00:28:31

Health: -14/101    AC: 19    Str: 22    XL:     11   Next: 11%
Magic:  15/15      EV:  6    Int:  8    God:    Okawaru [*****.]
Gold:   521        SH: 15    Dex: 12    Spells: 10/10 levels left

rFire  + . .     SeeInvis .     a - +1 war axe
rCold  . . .     Gourm    .     Q - +0 plate armour
rNeg   . . .     Faith    .     c - +0 shield
rPois  +         Spirit   .     K - +0 hat
rElec  .         Reflect  +     d - +2 cloak {+Inv}
rCorr  .         Harm     .     (no gloves)
MR     .....                    (no boots)
Stlth  ..........               b - amulet "Wypre" {Reflect *Contam rPois rF+ Int+3 SH+4}
                                e - +1 ring of evasion
                                M - +5 ring of protection

@: no status effects
A: retaliatory headbutt, horns 2
a: Heroism, Finesse, Renounce Religion, Evoke Invisibility


You were on level 11 of the Dungeon.
You worshipped Okawaru.
Okawaru was extremely pleased with you.
You were not hungry.

You visited 1 branch of the dungeon, and saw 11 of its levels.
You also visited: Ossuary.

You collected 521 gold pieces.

Inventory:

Hand Weapons
 a - a +1 war axe (weapon)
 n - a +0 mace
   (You found it on level 2 of the Dungeon)
Armour
 c - a +0 shield (worn)
 d - a +2 cloak of invisibility (worn)
   (You took it off Crazy Yiuf on level 2 of the Dungeon)
 K - a +0 hat (worn)
   (You found it on level 9 of the Dungeon)
 Q - a +0 plate armour (worn)
   (You took it off an orc warrior on level 11 of the Dungeon)
Jewellery
 b - the amulet "Wypre" (around neck) {Reflect *Contam rPois rF+ Int+3 SH+4}
   (You found it on level 5 of the Dungeon)

   [amulet of reflection]

   It shields you and reflects attacks.
   It affects your intelligence (+3).
   It protects you from fire.
   It protects you from poison.
   It causes magical contamination when unequipped.
   It affects your SH (+4).
 e - a +1 ring of evasion (right hand)
   (You found it on level 4 of the Dungeon)
 p - an uncursed ring of protection from cold {rC+, !d}
   (You found it on level 8 of the Dungeon)
 M - a +5 ring of protection (left hand)
   (You found it on level 10 of the Dungeon)
Wands
 q - a wand of iceblast (11/15)
   (You took it off Joseph on level 8 of the Dungeon)
 v - a wand of iceblast (5/15)
   (You took it off a crimson imp on level 9 of the Dungeon)
 H - a wand of acid (7/15)
   (You found it on level 8 of the Dungeon)
Scrolls
 g - 5 scrolls of fear
 j - 9 scrolls of remove curse
 s - 2 scrolls of recharging
 A - 2 scrolls of teleportation
 L - a scroll of identify
Potions
 h - 2 potions of berserk rage {!q}
 i - a potion of beneficial mutation {unknown}
 l - 4 potions of curing
 m - a potion of invisibility {unknown}
 o - 4 potions of flight
 r - 2 potions of might
 t - 3 potions of heal wounds {unknown}
 z - a potion of mutation {unknown}
 B - a potion of agility {unknown}
 C - 2 potions of ambrosia {unknown}
 F - a potion of cure mutation {unknown}
 N - a potion of haste
Comestibles
 f - 9 bread rations
 k - 5 meat rations
 w - 8 fruits
 D - 3 beef jerkies
 E - 5 slices of pizza
 P - 10 chunks of flesh


   Skills:
 + Level 10.5 Fighting
 * Level 13.6 Axes
 - Level 3.6 Armour
 + Level 8.1 Shields
 + Level 7.5 Invocations


You had 10 spell levels left.
You didn't know any spells.

Dungeon Overview and Level Annotations

Branches:
Dungeon (11/15)            Temple (0/1) D:4             Orc (0/2) D:10
   Lair: D:8-11

Altars:
Ashenzari
Cheibriados
Dithmenos
Elyvilon
Gozag
Nemelex Xobeh
Okawaru
Trog
Uskayaw

Shops:
D:5 :

Annotations:
D:8 5 runed doors


Innate Abilities, Weirdness & Mutations

You reflexively headbutt those who attack you in melee.
You have a pair of horns on your head.


Message History

You slash the orc!
You kill the orc!
Okawaru accepts your kill.
An orc comes into view. It is wielding a hand axe.
You block the orc warrior's attack.
You hit the orc warrior but do no damage.
You headbutt the orc warrior.
The orc warrior is lightly wounded.
The orc warrior barely misses you.
You closely miss the orc warrior.
The orc warrior is lightly wounded.
You slash the orc warrior!
The orc warrior is heavily wounded.
The orc warrior hits you but does no damage.
You hit the orc warrior but do no damage.
The orc warrior is heavily wounded.
You block the orc warrior's attack.
You hit the orc warrior.
The orc warrior is severely wounded.
The orc warrior hits you with an antimagic dire flail.
You slash the orc warrior!
You kill the orc warrior!
Okawaru accepts your kill.
You barely miss the orc. You block the orc's attack.
You slice the orc!!
You kill the orc!
Okawaru accepts your kill.
You slice the orc!!
You kill the orc!
Okawaru accepts your kill.
You hit the orc.
The orc is severely wounded.
You block the orc's attack.
Your shield and chain mail prevent you from hitting the orc.
The orc is severely wounded.
The orc hits you.
You barely miss the orc. You headbutt the orc.
You kill the orc!
Okawaru accepts your kill.
Items here: ( ))) [ ††
Q - a plate armour You hear the steady crackling of a distant melting archway.
You close the door.
Wear which item? (? for menu, Esc to quit)
You start putting on your armour.
You continue putting on your hat. x4
You finish putting on your +0 hat.
Wear which item? (? for menu, Esc to quit)
You start removing your armour.
You continue taking off your +1 chain mail. x4
You finish taking off your +1 chain mail.
You start putting on your armour.
You continue putting on your plate armour. x5
You finish putting on your +0 plate armour.
There are no items here.
Drop what? 43/52 slots (_ for help) (? for menu, Esc to quit)
You drop a phantom mirror.
You drop an uncursed ring of ice {rC+, rF-}.
You drop a +1 chain mail.
You drop a wand of flame (?/48).
You drop a thick jewelled staff.
You drop a war axe.
You drop a trident.
Put on which piece of jewellery? (? for menu, Esc to quit)
You're wearing all the rings you can.
Remove which one? (? for menu, Esc to cancel) < or
p - a ring of protection from cold {rC+, !d} > or
e - a +1 ring of evasion You remove your ring of protection from cold {rC+, !d}.
M - a +5 ring of protection (left hand)
Items here: ( ))) †† 2 tomahawks of returning; a hand axe; a whip; an antimagic dire flail an orc corpse x2
You open the door.
A cyclops comes into view.
The cyclops shouts!
The cyclops throws a large rock.
The large rock hits you!!
There is an open door, spattered with blood here.
You see here a large rock {!d}.
The cyclops throws a large rock.
You reflect the large rock off an invisible shield around you!
The large rock hits the cyclops!!
The cyclops throws a large rock.
The large rock hits you!!!
You see here a large rock {!d}.
The cyclops hits you!!
* * * LOW HITPOINT WARNING * * *
You hit the cyclops.
The cyclops is heavily wounded.
You slash the cyclops!
The cyclops is almost dead.
The cyclops hits you but does no damage.
You hit the cyclops but do no damage.
The cyclops is almost dead.
You completely miss the cyclops.
The cyclops is almost dead.
The cyclops hits you!!
* * * LOW HITPOINT WARNING * * *
You hit the cyclops. You headbutt the cyclops.
The cyclops is almost dead.
The cyclops hits you!
You die...

. .. #'#### ...#
######'###
#...C@...#### .
#.....(..(..# #.
#........##.## ######.
#........##..###......
#........###.()+......
#........# #####......
#........# #......
#..!.....# ###'##.
######+### #..#.


You could see a cyclops.

Vanquished Creatures
  Nergalle (D:10)
  An unseen horror (D:10)
  2 centaur skeletons
  Joseph (D:8)
  Prince Ribbit (D:7)
  2 hippogriffs
  4 slime creatures (D:8)
  Sigmund (D:2)
  A wyvern (D:10)
  3 yaks (D:11)
  A human (D:7)
  4 hogs (D:7)
  A hungry ghost (D:7)
  A warg (D:10)
  A water moccasin (D:8)
  2 orc warriors
  3 phantoms
  4 ogres
  2 ice beasts
  A sky beast (D:10)
  2 centaurs
  3 big kobolds
  5 bullfrogs
  A wyvern skeleton (D:9)
  A water moccasin skeleton (D:6)
  4 wights (D:11)
  A scorpion (D:11)
  3 howler monkeys
  5 crimson imps
  A bullfrog zombie (D:5)
  A quasit (D:7)
  A gnoll shaman (D:6)
  6 hounds
  4 orc priests
  4 bullfrog skeletons
  Crazy Yiuf (D:2)
  2 human zombies (Ossuary)
  10 orc wizards
  2 iguanas
  6 worker ants
  2 big kobold zombies (Ossuary)
  A hound zombie (D:7)
  A howler monkey zombie (D:9)
  4 mummies
  A worker ant zombie (D:10)
  7 gnolls
  6 adders
  A shadow imp (D:3)
  3 adder skeletons
  4 worms
  7 leopard geckos
  41 orcs
  2 ball pythons
  7 bats
  5 giant cockroaches
  7 goblins
  5 hobgoblins
  10 jackals
  4 quokkas
  5 frilled lizards
  2 goblin zombies (Ossuary)
  A hobgoblin zombie (Ossuary)
  12 kobolds
  A kobold zombie (Ossuary)
  4 quokka skeletons
  A quokka zombie (D:7)
  6 rats
250 creatures vanquished.

Vanquished Creatures (others)
  A kobold (D:10)
1 creature vanquished.

Grand Total: 251 creatures vanquished

Notes
Turn   | Place    | Note
-------+----------+-------------------------------------------
     0 | D:1      | tboon the Minotaur Fighter began the quest for the Orb.
     0 | D:1      | Reached XP level 1. HP: 19/19 MP: 0/0
   155 | D:1      | Reached skill level 3 in Axes
   160 | D:1      | Reached XP level 2. HP: 27/27 MP: 1/1
   318 | D:1      | Reached skill level 4 in Fighting
   853 | D:2      | Reached XP level 3. HP: 33/33 MP: 2/2
   917 | D:2      | Found a runed door.
  1182 | D:2      | Noticed Sigmund
  1192 | D:2      | Killed Sigmund
  1192 | D:2      | Reached skill level 5 in Fighting
  1192 | D:2      | Reached skill level 5 in Axes
  1192 | D:2      | Reached XP level 4. HP: 20/42 MP: 3/3
  1192 | D:2      | Reached XP level 5. HP: 23/48 MP: 4/4
  1441 | D:2      | Noticed Crazy Yiuf
  1446 | D:2      | Killed Crazy Yiuf
  1446 | D:2      | Reached skill level 6 in Axes
  1644 | D:3      | Reached XP level 6. HP: 25/56 MP: 5/5
  1963 | D:3      | Found a hide-covered altar of Uskayaw.
  1965 | D:3      | Noticed a dagger
  1965 | D:3      | Noticed a dagger
  2267 | D:3      | Found a bloodstained altar of Trog.
  2427 | D:3      | Found an opulent altar of Gozag.
  2427 | D:3      | Found an iron altar of Okawaru.
  2431 | D:3      | Became a worshipper of Warmaster Okawaru
  2557 | D:4      | Found a sand-covered staircase.
  2566 | Ossuary  | Entered an ossuary
  2660 | Ossuary  | Reached skill level 7 in Axes
  2693 | Ossuary  | Reached skill level 1 in Invocations
  2703 | Ossuary  | Reached skill level 6 in Fighting
  2870 | D:4      | Reached XP level 7. HP: 63/63 MP: 5/7
  2952 | D:4      | Reached * piety under Okawaru
  2960 | D:4      | Reached skill level 8 in Axes
  2960 | D:4      | Reached skill level 2 in Invocations
  3351 | D:4      | Found a staircase to the Ecumenical Temple.
  3753 | D:5      | Entered Level 5 of the Dungeon
  3793 | D:5      | Found Bareps's Book Shop.
  3879 | D:5      | Got a slimy crystal amulet
  3905 | D:5      | Reached skill level 7 in Fighting
  4056 | D:5      | Reached skill level 3 in Invocations
  4056 | D:5      | Reached XP level 8. HP: 47/73 MP: 9/9
  4337 | D:5      | Reached skill level 9 in Axes
  4415 | D:5      | Identified the amulet "Wypre" {Reflect *Contam rPois rF+ Int+3 SH+4} (You found it on level 5 of the Dungeon)
  4717 | D:6      | Found a shattered altar of Ashenzari.
  4989 | D:7      | Noticed Prince Ribbit
  5004 | D:7      | Killed Prince Ribbit
  5004 | D:7      | Reached skill level 8 in Fighting
  5004 | D:7      | Reached skill level 10 in Axes
  5004 | D:7      | Reached skill level 4 in Invocations
  5124 | D:7      | Reached skill level 4 in Shields
  5137 | D:7      | Found a shadowy altar of Dithmenos.
  5180 | D:7      | Reached ** piety under Okawaru
  5260 | D:7      | Reached XP level 9. HP: 43/81 MP: 11/11
  5877 | D:7      | Reached skill level 5 in Invocations
  5881 | D:7      | Reached skill level 11 in Axes
  5881 | D:7      | Reached skill level 5 in Shields
  5889 | D:7      | Reached *** piety under Okawaru
  6041 | D:8      | Noticed Joseph
  6053 | D:8      | Killed Joseph
  6053 | D:8      | Reached skill level 9 in Fighting
  6277 | D:8      | Found a runed door.
  6282 | D:8      | Found a runed gate.
  6283 | D:8      | Found a runed door.
  6293 | D:8      | Found a runed gate.
  6293 | D:8      | Found a runed gate.
  6470 | D:8      | Reached skill level 12 in Axes
  6470 | D:8      | Reached skill level 6 in Shields
  6496 | D:8      | Reached skill level 6 in Invocations
  6907 | D:8      | Reached XP level 10. HP: 91/91 MP: 13/13
  7275 | D:8      | Reached **** piety under Okawaru
  7445 | D:9      | Found a snail-covered altar of Cheibriados.
  7478 | D:9      | Found a white marble altar of Elyvilon.
  7681 | D:9      | Found a sparkling altar of Nemelex Xobeh.
  7977 | D:10     | Entered Level 10 of the Dungeon
  7995 | D:10     | Reached skill level 7 in Shields
  8051 | D:10     | Noticed Nergalle
  8074 | D:10     | Killed Nergalle
  8074 | D:10     | Reached skill level 10 in Fighting
  8074 | D:10     | Reached skill level 13 in Axes
  8211 | D:10     | Reached ***** piety under Okawaru
  8211 | D:10     | Reached skill level 7 in Invocations
  8338 | D:10     | Found a staircase to the Orcish Mines.
  8955 | D:10     | Killed an unseen horror
  9154 | D:11     | Reached XP level 11. HP: 101/101 MP: 12/15
  9303 | D:11     | Reached skill level 8 in Shields
  9529 | D:11     | HP: 2/101 [cyclops (25)]
  9530 | D:11     | Demolished by a cyclops

Vault maps used:
D:1:      sevenhm_arrival_forest_fort_large_4, st_stairs_1
D:2:      uniq_sigmund, uniq_crazy_yiuf_cottage
D:3:      dancing_weapons_uskayaw, gammafunk_temple_overflow_wave, first_bread,
          bloody_trog
D:4:      gup_ossuary_entry_pyramid
D:5:      serial_shops, shop
D:6:      evilmike_ruin_ashenzari
D:7:      lemuel_coloured_pillars_altar, grunt_livestock,
          grunt_decor_one_mirror, uniq_prince_ribbit1
D:8:      minmay_guarded_unrand_staff_of_olgreb, uniq_joseph
D:9:      elyvilon_altar_5, basic_altar, hangedman_decor_push,
          nemelex_spade_bored_becter
D:10:     erik_orc_3, uniq_nergalle
D:11:     dpeg_oklobed_lair, portal_ice_cave_entry_pillars_1, serial_shops,
          kennysheep_little_box, kennysheep_generic_room_7
Ossuary:  ossuary_crypta

Skill      XL: |  1  2  3  4  5  6  7  8  9 10 11 |
---------------+----------------------------------+-----
Axes           | 3 5 6 7 8 10 12 13 | 13.6
Fighting       | 4 5 6 7 8 9 10 | 10.5
Invocations    | 1 3 4 6 7 |  7.5
Shields        | 4 6 7 8 |  8.1
Armour         | |  3.6

Action                   |  1- 3 |  4- 6 |  7- 9 | 10-12 || total
-------------------------+-------+-------+-------+-------++-------
Melee: War axe           |    65 |   119 |   321 |   256 ||   761
       Headbutt          |     5 |    24 |    68 |    59 ||   156
Invok: Heroism           |       |       |     5 |     7 ||    12
  Use: Potion            |     1 |       |       |       ||     1
       Scroll            |       |     5 |    11 |     4 ||    20
  Eat: Chunk             |     1 |     4 |    10 |     4 ||    19
       Meat ration       |       |       |     1 |       ||     1
       Pizza             |       |       |       |     2 ||     2
       Beef jerky        |       |       |       |     1 ||     1
Armor: Scale mail        |    32 |    30 |    16 |       ||    78
       Chain mail        |       |       |    86 |    74 ||   160
       Plate armour      |       |       |       |     1 ||     1
Dodge: Dodged            |    20 |    20 |    61 |    46 ||   147
Block: Shield            |    36 |    39 |   197 |   137 ||   409
       Reflection        |       |       |     6 |     8 ||    14

Vault maps used:
D:1:      sevenhm_arrival_forest_fort_large_4, st_stairs_1
D:2:      uniq_sigmund, uniq_crazy_yiuf_cottage
D:3:      dancing_weapons_uskayaw, gammafunk_temple_overflow_wave, first_bread,
          bloody_trog
D:4:      gup_ossuary_entry_pyramid
D:5:      serial_shops, shop
D:6:      evilmike_ruin_ashenzari
D:7:      lemuel_coloured_pillars_altar, grunt_livestock,
          grunt_decor_one_mirror, uniq_prince_ribbit1
D:8:      minmay_guarded_unrand_staff_of_olgreb, uniq_joseph
D:9:      elyvilon_altar_5, basic_altar, hangedman_decor_push,
          nemelex_spade_bored_becter
D:10:     erik_orc_3, uniq_nergalle
D:11:     dpeg_oklobed_lair, portal_ice_cave_entry_pillars_1, serial_shops,
          kennysheep_little_box, kennysheep_generic_room_7
Ossuary:  ossuary_crypta

Table legend:
 A = Turns spent in this place as a percentage of turns spent in the entire game.
 B = Non-inter-level travel turns spent in this place as a percentage of non-inter-level travel turns spent in the entire game.
 C = Inter-level travel turns spent in this place as a percentage of turns spent in this place.
 D = Turns resting spent in this place as a percentage of non-inter-level travel turns spent in this place.
 E = Turns spent auto-exploring this place as a percentage of non-inter-level travel turns spent in this place.
 F = Non-inter-level travel turns spent in this place divided by the number of levels of this place that you've seen.
                   A       B       C       D       E      F
               +-------+-------+-------+-------+-------+----------------------
         Total | 100.0 | 100.0 |   0.5 |   2.4 |  11.1 | 181.8
       Dungeon |  90.8 |  90.8 |   0.6 |   2.7 |  12.3 | 180.0
       Ossuary |   9.2 |   9.2 |   0.0 |   0.0 |   0.0 | 201.0
               +-------+-------+-------+-------+-------+----------------------

Table legend:
 A = Kills in this place as a percentage of kills in entire the game.
 B = Kills by you in this place as a percentage of kills by you in the entire game.
 C = Kills by friends in this place as a percentage of kills by friends in the entire game.
 D = Other kills in this place as a percentage of other kills in the entire game.
 E = Experience gained in this place as a percentage of experience gained in the entire game.
 F = Experience gained in this place divided by the number of levels of this place that you have seen.
                   A       B       C       D       E      F
               +-------+-------+-------+-------+-------+----------------------
         Total | 100.0 | 100.0 |  -nan | 100.0 | 100.0 | 1022.4
       Dungeon |  95.6 |  95.6 |  -nan | 100.0 |  98.4 | 1097.6
       Ossuary |   4.4 |   4.4 |  -nan |   0.0 |   1.6 | 195.0
               +-------+-------+-------+-------+-------+----------------------
